 Dungeon Crawl Stone Soup version 0.29-a0-341-g24ffce5b50 (webtiles) character file.

Game seed: 2085678267392594415

219 Agony the Agent of Entropy (level 5, -2/42 HPs)
             Began as a Demonspawn Abyssal Knight on Apr 20, 2022.
             Was a Priest of Lugonu.
             Slain by an orc
             ... wielding a +0 short sword
              (4 damage)
             ... on level 4 of the Dungeon.
             The game lasted 00:17:49 (5418 turns).

Agony the Agent of Entropy (DsAK)                   Turns: 5418, Time: 00:17:50

Health: -2/42      AC:  8    Str: 13    XL:     5   Next: 63%
Magic:  1/2        EV: 12    Int: 11    God:    Lugonu [***...]
Gold:   121        SH:  0    Dex: 14    Spells: 4/4 levels left

rFire   x . .      SeeInvis +   m - +2 short sword (antimagic)
rCold   + + +      Faith    .   (no shield)
rNeg    + . .      Spirit   .   k - +1 robe of Fun and Games {rPois rC+++ rCorr Str-2}
rPois   +          Reflect  .   (no helmet)
rElec   +          Harm     .   (no cloak)
rCorr   +          Rampage  .   d - +2 pair of gloves of Forking Paths {rElec rF- rN+ Will+ Stlth+}
Will    +....                   (no boots)
Stlth   ++........              (no amulet)
HPRegen 0.14/turn               i - ring of see invisible
MPRegen 0.08/turn               (no ring)

@: no status effects
A: molten scales 1, demonic magic 1
a: Renounce Religion, Depart the Abyss, Bend Space, Banish


You were on level 4 of the Dungeon.
You worshipped Lugonu.
Lugonu was most pleased with you.
You visited 1 branch of the dungeon, and saw 4 of its levels.
You visited the Abyss 1 time.

You collected 121 gold pieces.

Inventory:

Hand Weapons
 m - a +2 antimagic short sword (weapon)
 p - a +3 whip
Missiles
 e - 6 poisoned darts
 g - 3 silver javelins (quivered)
Armour
 b - a +0 leather armour
 d - the +2 pair of gloves of Forking Paths (worn) {rElec rF- rN+ Will+ Stlth+}
   (You acquired it on level 4 of the Dungeon)

   rF:        It makes you vulnerable to fire.
   rElec:     It insulates you from electricity.
   rN:        It protects you from negative energy.
   Will:      It increases your willpower.
   Stlth:     It makes you more stealthy.
 h - a +0 ring mail
 k - the +1 robe of Fun and Games (worn) {rPois rC+++ rCorr Str-2}
   (You took it off an orc on level 3 of the Dungeon)

   Str:       It affects your strength (-2).
   rC:        It renders you almost immune to cold.
   rPois:     It protects you from poison.
   rCorr:     It protects you from acid and corrosion.
Jewellery
 i - a ring of see invisible (left hand)
Scrolls
 a - a scroll of blinking
 l - a scroll of fog
 n - a scroll of vulnerability
 o - a scroll of magic mapping
 q - a scroll of fear {unknown}
Potions
 c - a potion of brilliance {unknown}
 f - 2 potions of attraction
 j - a potion of invisibility {unknown}


   Skills:
 + Level 3.9 Fighting
 + Level 1.2(2.0) Short Blades
 - Level 2.4(2.6) Long Blades
 * Level 2.5 Armour
 - Level 2.5 Dodging
 + Level 4.0 Invocations


You had 4 spell levels left.
You didn't know any spells.
Your spell library was empty.

Dungeon Overview and Level Annotations

Branches:
Dungeon (4/15)
 Temple: D:4-7

Altars:
Ashenzari
Fedhas
Makhleb
Zin

Shops:
D:3 *   D:4 [


Innate Abilities, Weirdness & Mutations

You are partially covered in molten scales. (AC +2)
Spells you cast may paralyse adjacent enemies.


Message History

The orc wizard's magic leaks into the air.
The orc wizard is moderately wounded.
The orc hits you with a +0 short sword.
You hit the orc wizard.
The orc wizard's magic leaks into the air.
The orc wizard is heavily wounded.
The orc wizard points at you and mumbles some strange words.
The puff of flame hits you! The fire burns you terribly!
The orc closely misses you.
You hit the orc wizard.
The orc wizard's magic leaks into the air.
The orc wizard is almost dead.
The orc wizard hits you with a +2 dagger of venom.
The orc closely misses you.
You closely miss the orc wizard.
The orc wizard is almost dead.
The orc wizard hits you with a +2 dagger of venom.
* * * LOW HITPOINT WARNING * * *
The orc closely misses you.
You puncture the orc wizard!
You kill the orc wizard!
Lugonu accepts your kill. The orc hits you but does no damage.
Your Invocations skill increases to level 4!
It was a potion of magic.
Magic courses through your body. The orc hits you with a +0 whip.
* * * LOW HITPOINT WARNING * * *
The orc hits you but does no damage.
The angel shouts!
There is an open door here.
The orc attacks as you move away! The orc hits you with a +0 short sword.
* * * LOW HITPOINT WARNING * * *
The orc attacks as you move away! The orc hits you but does no damage.
The green death roars!
Space bends violently around you!
You blink.
The orc blinks!
The orc completely misses you.
Okay, then.
The orc barely misses you. The orc hits you with a +0 short sword.
You die...

### ### #.### #.# ##..### ##.#
##### #.#..#######.## ...#
#.###...##..## #..## #.#
####...## #...# ##.#
##..#######...## ## #..#
#.@o....##....####. #..#
#.o..).........##.. #..#
#.#o..#............ ####..#
###.§.#####........ ###.....#
#.#'### #........ ........##
###..§..####........
.........#####2#_..._#A##).......
............####.....####........
.......###..####..+### #........


You could see 3 orcs.

Vanquished Creatures
  An orc priest (D:4)
  2 orc wizards
  3 adders
  A river rat (D:3)
  A worm (D:2)
  3 dart slugs
  9 orcs
  2 bats
  9 endoplasms
  5 giant cockroaches
  3 goblins
  10 hobgoblins
  5 jackals (D:4)
  6 kobolds
  2 quokkas
  6 ball pythons
  4 frilled lizards
  5 rats
77 creatures vanquished.

Notes
Turn   | Place    | Note
-------+----------+-------------------------------------------
     0 | Abyss:1  | Agony the Demonspawn Abyssal Knight began the quest for the
                  | Orb.
     0 | Abyss:1  | Reached XP level 1. HP: 18/18 MP: 2/2
    25 | D:1      | Escaped the Abyss
   217 | D:1      | Reached skill level 1 in Dodging
   406 | D:1      | Gained mutation: Spells you cast may paralyse adjacent
                  | enemies. [demonic ancestry]
   406 | D:1      | Reached XP level 2. HP: 24/24 MP: 4/4
   563 | D:1      | Found a faded altar of an unknown god.
   619 | D:1      | Reached *** piety under Lugonu
   804 | D:1      | Reached skill level 3 in Invocations
   844 | D:1      | Reached XP level 3. HP: 17/29 MP: 5/5
  2468 | D:3      | Found Unoocs's Assorted Antiques.
  3042 | D:3      | Reached XP level 4. HP: 32/35 MP: 6/6
  3329 | D:3      | Identified the +1 robe of Fun and Games {rPois rC+++ rCorr
                  | Str-2}
  3589 | D:3      | Found a broken altar of Ashenzari.
  3657 | D:3      | Found a blossoming altar of Fedhas.
  4631 | D:4      | Reached skill level 1 in Short Blades
  4631 | D:4      | Gained mutation: You are partially covered in molten
                  | scales. (AC +2) [demonic ancestry]
  4631 | D:4      | Reached XP level 5. HP: 27/42 MP: 2/7
  4861 | D:4      | Found Dekuaps's Antique Armour Boutique.
  5217 | D:4      | Found a burning altar of Makhleb.
  5219 | D:4      | Noticed an angel
  5220 | D:4      | Noticed a green death
  5307 | D:4      | Identified a scroll of acquirement
  5309 | D:4      | Acquired the +2 pair of gloves of Forking Paths {rElec rF-
                  | rN+ Will+ Stlth+}
  5412 | D:4      | Reached skill level 4 in Invocations
  5418 | D:4      | Slain by an orc

Illustrated notes

Levels and vault maps discovered:
D:1:      lightli_arrival_lavapool, layout_loops_ring, basic_ecumenical_altar,
          st_stairs_1
D:2:      layout_rooms
D:3:      layout_basic, ashenzari_conservatory_becter, fedhas_ov_isle_minmay,
          serial_shops, shop, gup_sewer_entry_bubbles,
          chequers_serial_rivers_micro_c
D:4:      layout_layer_cave, grunt_temple_overflow_order_and_chaos_2,
          nzn_hepliaklqana_mist_gate, serial_shops, kennysheep_mini_moat,
          nicolae_figureground_pulse

Skill      XL: |  1  2  3  4  5 |
---------------+----------------+-----
Dodging        | 1 2 |  2.5
Long Blades    | 2 |  2.4
Armour         | 2 |  2.5
Invocations    | 3 4 |  4.0
Short Blades   | 1 |  1.2
Fighting       | |  3.9

Action                   |  1- 3 |  4- 6 || total
-------------------------+-------+-------++-------
Melee: Falchion          |   158 |    45 ||   203
       Punch             |     1 |     1 ||     2
       Short sword       |       |   108 ||   108
Throw: Javelin           |     1 |     7 ||     8
Invok: Bend Space        |       |     1 ||     1
  Use: Scroll            |     2 |     6 ||     8
       Potion            |     1 |     2 ||     3
Armor: Leather armour    |    29 |     9 ||    38
       Ring mail         |     8 |       ||     8
       Robe              |       |    38 ||    38
Dodge: Dodged            |    85 |   134 ||   219

Table legend: (Time is in decaauts)
 A = Elapsed time spent in this place.
 B = Non-inter-level travel time spent in this place.
 C = Inter-level travel time spent in this place.
 D = Time resting spent in this place.
 E = Time spent auto-exploring this place.
 F = Levels seen in this place.
 G = Mean time per level.
                   A        B        C        D        E       F      G
               +--------+--------+--------+--------+--------+-----+--------+
         Total |   5505 |   5214 |    291 |   2324 |   1591 |   5 | 1101.0 |
       Dungeon |   5477 |   5186 |    291 |   2324 |   1568 |   4 | 1369.2 |
         Abyss |     28 |     28 |      0 |      0 |     23 |   1 |   28.0 |
               +--------+--------+--------+--------+--------+-----+--------+

Top non-repeatable levels by time:
     D:3: 1912 daAuts
     D:2: 1428 daAuts
     D:1: 1327 daAuts
     D:4: 808 daAuts
 Abyss:1: 28 daAuts
